 Dungeon Crawl Stone Soup version 0.31-a0-232-gb1c03b2570 (webtiles) character file.

Game seed: 11853970399509881994

106 qw the Shooter (level 4, 0/38 HPs)
             Began as a Minotaur Hexslinger on July 6, 2023.
             Slain by an adder (2 damage)
             ... on level 3 of the Dungeon.
             The game lasted 00:00:15 (744 turns).

qw the Shooter (Minotaur Hexslinger)                 Turns: 744, Time: 00:00:16

Health: 0/38       AC:  2    Str: 13    XL:     4   Next: 55%
Magic:  4/4        EV: 12    Int: 10    God:
Gold:   70         SH:  0    Dex: 14    Spells: 4/5 levels left

rFire   . . .        Y - +1 sling
rCold   . . .        (no shield)
rNeg    . . .        c - +0 robe
rPois   .            (helmet restricted)
rElec   .            (no cloak)
rCorr   .            (no gloves)
SInv    .            (no boots)
Will    .....        (no amulet)
Stlth   +            (no ring)
HPRegen 0.26/turn    (no ring)
MPRegen 0.09/turn

%: no passive effects
@: no status effects
A: horns 2, retaliatory headbutt
a: no special abilities


You were on level 3 of the Dungeon.
You visited 1 branch of the dungeon, and saw 4 of its levels.

You collected 70 gold pieces.


Innate Abilities, Weirdness & Mutations

You have a pair of horns on your head.
You reflexively headbutt those who attack you in melee.


   Skills:
 - Level 3.0 Fighting
 + Level 4.6 Ranged Weapons
 - Level 2.1 Dodging
 - Level 1.0 Spellcasting
 - Level 2.0 Hexes


You had 4 spell levels left.
You knew the following spells:

 Your Spells              Type           Power      Damage    Failure   Level
a - Slow                  Hex            16%        N/A       16%         1

Your spell library contained the following spells:

 Spells                   Type           Power      Damage    Failure   Level
 Inner Flame              Hex/Fire       2%         N/A       56%         3
 Portal Projectile        Hex/Tloc       4%         N/A       56%         3
 Cause Fear               Hex            2%         N/A       83%         4

Inventory:

Hand Weapons
 Y - a +1 sling (weapon)
Armour
 c - a +0 robe (worn)
Potions
 a - a potion of brilliance {unknown}
 d - a potion of heal wounds {unknown}

Dungeon Overview and Level Annotations

Branches:
Dungeon (4/15)
 Temple: D:4-7

Altars:

Shops:
D:1 ?


Message History

The ball python barely misses you. You furiously retaliate!
You headbutt the ball python.
You kill the ball python!
The gnoll closely misses you.
You shoot a sling bullet.
The sling bullet closely misses the gnoll.
The gnoll bouda hits you with a +0 whip.
The gnoll hits you with a +0 spear.
You shoot a sling bullet. The sling bullet hits the gnoll.
You kill the gnoll!
The gnoll bouda hits you with a +0 whip.
You shoot a sling bullet.
The sling bullet completely misses the gnoll bouda.
The gnoll bouda hits you with a +0 whip.
The adder bites you.
You shoot a sling bullet. The sling bullet hits the gnoll bouda.
The gnoll bouda is moderately wounded.
A hound comes into view.
The adder closely misses you.
The gnoll bouda hits you with a +0 whip.
The adder closely misses you.
The gnoll bouda hits you with a +0 whip.
A gnoll comes into view. It is wielding a +0 spear.
You shoot a sling bullet. The sling bullet hits the gnoll bouda.
The gnoll bouda is heavily wounded.
The adder closely misses you.
The gnoll bouda barks out a call to the hunt!
The gnoll picks up the pace!
You shoot a sling bullet. The sling bullet hits the gnoll bouda.
The gnoll bouda is severely wounded.
The adder bites you. The hound misses you. You furiously retaliate!
You headbutt the hound! The gnoll barely misses you.
The gnoll bouda prays to its god.
The gnoll bouda is healed somewhat.
The adder barely misses you. The hound bites you.
You shoot a sling bullet.
The sling bullet barely misses the gnoll bouda.
The sling bullet barely misses the gnoll.
The adder bites you.
You die...

.. #. #. #. #.
#. #h###.##
#.@gg..#
/......S).(..#
..............#
..............#
.........!....#
..............#
..............#
..............#


You could see a gnoll bouda, a hound, a gnoll (swift) and an adder.

Vanquished Creatures
  A hound (D:4)
  Natasha (twice) (D:2)
  A gnoll (D:3)
  2 orcs (D:4)
  An endoplasm (D:1)
  A giant cockroach (D:1)
  2 kobolds (D:4)
  2 quokkas (D:1)
  2 ball pythons
  A bat (D:1)
  A frilled lizard (D:2)
  A rat (D:1)
17 creatures vanquished.

Notes
Turn   | Place    | Note
-------+----------+-------------------------------------------
     0 | D:1      | qw the Minotaur Hexslinger began the quest for the Orb.
     0 | D:1      | Reached XP level 1. HP: 16/16 MP: 1/1
     0 | D:1      | 0 ||| qw: Version: 0.3-a-46-gb1f654a
     0 | D:1      | 0 ||| qw: Game counter: 2079
     0 | D:1      | 0 ||| qw: Melee chars always use a shield: true
     0 | D:1      | 0 ||| qw: God list: Okawaru
     0 | D:1      | 0 ||| qw: Allow faded altars: false
     0 | D:1      | 0 ||| qw: Do Orc after clearing Dungeon:15 true
     0 | D:1      | 0 ||| qw: Do second Lair branch before Depths: true
     0 | D:1      | 0 ||| qw: Lair rune preference: random
     0 | D:1      | 0 ||| qw: Goals: Normal
     0 | D:1      | 0 ||| PLANNING D:1-11
   130 | D:1      | Found The Oracle's Delphic Readings.
   134 | D:1      | 134 ||| SHOPLISTING scroll of teleportation (42 gold, have
                  | 20).
   195 | D:1      | Found a faded altar of an unknown god.
   282 | D:1      | Reached skill level 3 in Ranged Weapons
   394 | D:1      | 394 ||| READING scroll labelled GECEGU JEPEA.
   395 | D:1      | 395 ||| DROPPING scroll of poison.
   441 | D:2      | Noticed Natasha
   444 | D:2      | Killed Natasha
   445 | D:2      | Reached skill level 3 in Fighting
   445 | D:2      | Reached XP level 2. HP: 25/26 MP: 2/2
   445 | D:2      | Reached XP level 3. HP: 30/31 MP: 3/3
   520 | D:2      | Noticed Natasha
   526 | D:2      | Killed Natasha
   608 | D:2      | You fall into a shaft and drop 2 floors!
   620 | D:4      | Reached skill level 4 in Ranged Weapons
   620 | D:4      | Reached XP level 4. HP: 27/38 MP: 4/4
   741 | D:3      | HP: 6/38 [gnoll bouda/+0 whip (4)]
   743 | D:3      | HP: 2/38 [hound (1)]
   744 | D:3      | Slain by an adder

Levels and vault maps discovered:
D:1:      dpeg_arrival_connections, layout_rooms,
          ebering_ecumenical_altar_petrified, minmay_misc_feat_square,
          minmay_misc_feat_tiny, nicolae_nh_oracle_at_delphi
D:2:      minmay_wonky_spiral, layout_loops_ring, basic_altar,
          kennysheep_generic_room_3, uniq_natasha
D:3:      layout_rooms, minmay_circle_x
D:4:      layout_gridville, serial_shops, shop, serial_rivers,
          chequers_serial_rivers_micro_c, chequers_serial_rivers_room_b,
          chequers_serial_rivers_marsh, chequers_serial_rivers_large_a

Skill      XL: |  1  2  3 |
---------------+----------+-----
Ranged Weapons | 3 4 |  4.6
Fighting       | 3 |  3.0
Dodging        | |  2.1
Spellcasting   | |  1.0
Hexes          | |  2.0

Action                     |  1- 3 |  4- 6 || total
---------------------------+-------+-------++-------
   Fire: Sling             |    45 |    23 ||    68
    Use: Scroll            |     1 |       ||     1
 Armour: Robe              |     4 |       ||     4
  Dodge: Dodged            |    18 |     8 ||    26

Table legend:
 A = Non-vault XP
 B = Vault XP
 C = Vault XP percentage of total XP
 D = Non-vault monster count
 E = Vault monster count
 F = Vault count percentage of total count
                 A         B        C        D         E       F
            +---------+---------+-------+---------+---------+-------
      Total |     113 |      39 |  25.7 |      14 |       3 |  17.6
            +---------+---------+-------+---------+---------+-------
        D:1 |       8 |       3 |  27.3 |       5 |       2 |  28.6
        D:2 |      36 |      36 |  50.0 |       2 |       1 |  33.3
        D:3 |      16 |       0 |   0.0 |       2 |       0 |   0.0
        D:4 |      53 |       0 |   0.0 |       5 |       0 |   0.0
            +---------+---------+-------+---------+---------+-------
